 Dungeon Crawl Stone Soup version 0.24.0-2-g5b39cebb1c (webtiles) character file.

Game seed: 14871918056540694506, levelgen mode: deterministic

14611 Nivan the Destroyer (level 11, 0/84 HPs)
             Began as a Red Draconian Conjurer on Oct 29, 2019.
             Was a Believer of Vehumet.
             Succumbed to a naga mage's poison arrow
             ... on level 3 of the Snake Pit.
             The game lasted 01:25:04 (14546 turns).

Nivan the Destroyer (Red Draconian Conjurer)       Turns: 14546, Time: 01:25:04

Health: 0/84       AC:  7    Str: 11 (14) XL:     11   Next: 91%
Magic:  7/26       EV: 14    Int: 24 (25) God:    Vehumet [**....]
Gold:   627        SH:  5    Dex: 10 (11) Spells: 16/32 levels left

rFire    + + .     SeeInvis .   N - +7 mace of Gozag's Brutal Revenge {crush, *Corrode Str+4 Int+3}
rCold    + . .     Gourm    .   S - +2 buckler {rC+ rF+}
rNeg     . . .     Faith    .   (armour unavailable)
rPois    .         Spirit   .   (helmet restricted)
rElec    .         Reflect  .   (no cloak)
rCorr    .         Harm     .   (no gloves)
MR       +....                  (no boots)
Stlth    ++........             i - amulet of magic regeneration
HPRegen  0.24/turn              Q - ring of protection from magic
MPRegen  0.45/turn              O - +3 ring of evasion

@: lethally poisoned (0 -> -21), constricted
A: breathe fire, unfitting armour, blink, clever 1, fire resistance 1,
cold-blooded, AC +7
a: Breathe Fire, Blink, Renounce Religion


You were on level 3 of the Snake Pit.
You worshipped Vehumet.
Vehumet was pleased with you.
You were very hungry.

You visited 4 branches of the dungeon, and saw 20 of its levels.
You also visited: Sewer and Ossuary.

You collected 627 gold pieces.

Inventory:

Hand Weapons
 a - a +2 dagger of flaming
 b - a +2 falchion of slicing
 y - a +3 scimitar of electrocution
 z - a +4 short sword of freezing
 E - a +0 quarterstaff
 F - a +3 dagger of venom
 N - the +7 mace of Gozag's Brutal Revenge (weapon) {crush, *Corrode Str+4 Int+3}
   (You took it off a crimson imp on level 9 of the Dungeon)

   It inflicts extra damage upon your enemies.
   It affects your strength (+4).
   It affects your intelligence (+3).
   It may corrode you when you take damage.
 R - the +7 pair of quick blades "Gyre" and "Gimble" {protect}
   (You found it on level 4 of the Lair of Beasts)

   It grants its wielder temporary protection when it strikes (+7 to AC).
Armour
 S - a +2 buckler of resistance (worn)
Jewellery
 i - an amulet of magic regeneration (around neck)
 s - an uncursed ring of flight
 B - an uncursed ring of fire
 O - a +3 ring of evasion (right hand)
 Q - a ring of protection from magic (left hand)
Wands
 t - a wand of polymorph (10)
 D - a wand of enslavement (5)
 L - a wand of random effects (41)
 M - a wand of digging (5)
Scrolls
 c - 5 scrolls of remove curse
 e - 2 scrolls of enchant weapon
 h - a scroll of immolation {unknown}
 j - 3 scrolls of fog
 k - a scroll of summoning {unknown}
 l - 2 scrolls of random uselessness {unknown}
 n - 3 scrolls of teleportation
 o - 2 scrolls of amnesia
 p - 2 scrolls of magic mapping
 r - a scroll of acquirement
 x - a scroll of fear
 C - 5 scrolls of enchant armour
 J - 2 scrolls of silence {unknown}
 K - 4 scrolls of identify
Potions
 d - 4 potions of berserk rage
 g - 3 potions of flight
 u - 4 potions of might
 v - 3 potions of agility
 w - 2 potions of resistance
 G - 2 potions of haste
 H - 2 potions of magic
Comestibles
 q - 20 rations


   Skills:
 + Level 4.0 Fighting
 * Level 6.5 Dodging
 + Level 3.7 Stealth
 + Level 0.9 Shields
 + Level 11.2 Spellcasting
 + Level 12.6 Conjurations
 - Level 1.5 Translocations
 + Level 0.2 Air Magic
 + Level 0.9 Evocations


You had 16 spell levels left.
You knew the following spells:

 Your Spells              Type           Power        Failure   Level  Hunger
a - Magic Dart            Conj           ####         1%          1    None
b - Searing Ray           Conj           ######       1%          2    None
c - Iskenderun's Mystic   Conj           ######..     1%          4    None
d - Force Lance           Conj/Tloc      #####...     3%          4    None
e - Lightning Bolt        Conj/Air       #####.....   13%         5    ####...

Your spell library contained the following spells:

 Spells                   Type           Power        Failure   Level  Hunger
 Flame Tongue             Conj/Fire      #####        1%          1    None
 Throw Flame              Conj/Fire      #####.       1%          2    None
 Dazzling Spray           Conj/Hex       #####.       1%          3    None
 Stone Arrow              Conj/Erth      #####.       1%          3    None
 Fulminant Prism          Conj/Hex       #####.....   4%          4    None
 Irradiate                Conj/Tmut      #####.....   14%         5    ####...


Dungeon Overview and Level Annotations

Branches:
Dungeon (10/15)            Temple (1/1) D:7            Lair (6/6) D:10
  Swamp (0/4) Lair:4        Snake (3/4) Lair:2        Slime (0/5) Lair:5
  Sewer (visited)         Ossuary (visited)
    Orc: D:9-12

Altars:
Ashenzari
Cheibriados
Fedhas
Gozag
Hepliaklqana
Kikubaaqudgha
Nemelex Xobeh
Trog
Uskayaw
Vehumet
Yredelemnul

Annotations:
D:4 3 runed translucent doors, Mrkan's ghost, amateur GrFi
D:8 3 runed translucent doors, Arixos's ghost, novice OpAE; Curus's ghost, novice MiBe; Shaidar's ghost, novice GnFi; mora's ghost, novice GrFi; sipior's ghost, novice HaFE
D:9 Harold
Snake:2 Vashnia


Innate Abilities, Weirdness & Mutations

You can breathe blasts of fire.
Your fiery red scales are hard. (AC +7)
You cannot fit into any form of body armour.
Your flesh is heat resistant. (rF+)
You are cold-blooded and may be slowed by cold attacks.
You can translocate small distances at will.
Your mind is acute. (Int +2)


Message History

The splash of poison hits you.
You are poisoned.
The naga mage constricts you. You block the naga mage's attack.
The naga mage constricts you.
You barely miss the naga mage.
The naga mage is severely wounded.
You feel sick. The naga mage spits poison at you.
The splash of poison hits you!
You are more poisoned.
The naga mage constricts you.
The naga mage gestures at you while chanting.
The poison arrow hits you!!
You are more poisoned.
* * * LOW HITPOINT WARNING * * *
x2 The naga mage constricts you.
It was a potion of degeneration.
There was something very wrong with that liquid.
You feel weakened.
You feel dopey.
You feel clumsy.
You die...

######
#....########
#(..(...((..#
#@N.)..)....#
####.......)#
######..##
##.# #.# #.#
#.# ##.#####
#.N....#


You could see a naga mage.

Vanquished Creatures
  A naga warrior (Snake:3)
  An anaconda (Snake:2)
  A naga sharpshooter (Snake:3)
  A salamander (Snake:3)
  A naga mage (Snake:2)
  8 black mambas
  2 spiny frogs
  2 rime drakes
  A komodo dragon (Lair:2)
  A troll (D:6)
  3 hippogriffs
  3 slime creatures (Lair:5)
  A wraith (Ossuary)
  A human (D:7)
  A basilisk (Lair:2)
  4 hogs (D:7)
  3 swamp worms
  7 nagas
  2 water moccasins
  6 porcupines
  3 sky beasts
  2 orc warriors (D:6)
  2 ice beasts
  4 ogres
  A centaur (D:7)
  A crocodile (Lair:5)
  A big kobold (Sewer)
  9 bullfrogs
  2 wyvern skeletons
  2 scorpions
  4 wights
  An electric eel (Lair:4)
  3 howler monkeys (D:7)
  4 crimson imps
  A centaur zombie (D:6)
  3 hounds
  A gnoll shaman (D:9)
  8 orc priests
  4 jellies
  An iguana (D:8)
  Jessica (D:2)
  12 orc wizards
  5 worker ants
  A killer bee zombie (D:8)
  A hound zombie (D:7)
  A hound skeleton (D:7)
  A mummy (Ossuary)
  A worker ant zombie (D:6)
  Robin (D:3)
  A howler monkey zombie (D:7)
  10 gnolls
  A howler monkey skeleton (D:6)
  12 adders
  2 shadow imps
  An ooze (D:1)
  4 adder skeletons
  2 worms
  A dart slug (D:2)
  5 leopard geckos
  35 orcs
  2 ball pythons
  4 bats
  9 giant cockroaches
  13 goblins
  7 hobgoblins
  9 jackals
  4 quokkas
  7 frilled lizards
  3 gnoll skeletons (Ossuary)
  A jackal zombie (D:6)
  11 kobolds
  8 kobold skeletons (Ossuary)
  A leopard gecko skeleton (D:5)
  14 orc skeletons (Ossuary)
  10 rats
  A spectral orc (D:4)
309 creatures vanquished.

Vanquished Creatures (others)
  A bush (Lair:3)
  2 fungi
  A plant (Lair:3)
4 creatures vanquished.

Grand Total: 313 creatures vanquished

Notes
Turn   | Place    | Note
-------+----------+-------------------------------------------
     0 | D:1      | Nivan the Draconian Conjurer began the quest for the Orb.
     0 | D:1      | Reached XP level 1. HP: 14/14 MP: 3/3
   308 | D:1      | Reached XP level 2. HP: 20/20 MP: 3/5
   889 | D:2      | Reached XP level 3. HP: 23/26 MP: 1/6
   962 | D:2      | Reached skill level 5 in Conjurations
  1087 | D:2      | Found a snail-covered altar of Cheibriados.
  1115 | D:2      | Reached XP level 4. HP: 33/33 MP: 3/7
  1221 | D:2      | Noticed Jessica
  1253 | D:2      | Killed Jessica
  1930 | D:3      | Reached skill level 6 in Conjurations
  1930 | D:3      | Reached XP level 5. HP: 38/38 MP: 5/8
  2012 | D:3      | Noticed Robin
  2027 | D:3      | Killed Robin
  2884 | D:4      | Found a sparkling altar of Nemelex Xobeh.
  2884 | D:4      | Found a bloodstained altar of Trog.
  2920 | D:4      | Gained mutation: You can translocate small distances at
                  | will. [potion of mutation]
  2920 | D:4      | Gained mutation: Your mind is acute. (Int +2) [potion of
                  | mutation]
  3006 | D:4      | Found a glowing drain.
  3031 | Sewer    | Entered a sewer
  3171 | Sewer    | Reached XP level 6. HP: 45/45 MP: 2/10
  3277 | Sewer    | Found a white marble altar of Elyvilon.
  3359 | D:4      | Learned a level 2 spell: Searing Ray
  3803 | D:4      | Reached skill level 7 in Conjurations
  3978 | D:4      | Found a basalt altar of Yredelemnul.
  4002 | D:4      | Found a runed translucent gate.
  4005 | D:4      | Found a runed translucent gate.
  4006 | D:4      | Found a runed translucent gate.
  4007 | D:4      | Noticed Mrkan's ghost (amateur GrFi)
  4072 | D:5      | Entered Level 5 of the Dungeon
  4151 | D:5      | Your scales start taking on a fiery red colour.
  4151 | D:5      | Reached XP level 7. HP: 42/51 MP: 7/13
  4151 | D:5      | Gained mutation: Your flesh is heat resistant. (rF+) [Red
                  | Draconian growth]
  4719 | D:5      | Reached skill level 1 in Fighting
  4818 | D:5      | Found a hide-covered altar of Uskayaw.
  5039 | D:5      | HP: 2/52 [orc priest/nerve-wracking pain (13)]
  5540 | D:6      | Reached skill level 5 in Spellcasting
  5573 | D:6      | Noticed a troll
  5586 | D:6      | Killed a troll
  5586 | D:6      | Reached skill level 8 in Conjurations
  5586 | D:6      | Reached XP level 8. HP: 38/59 MP: 7/16
  5946 | D:6      | Found a blossoming altar of Fedhas.
  6751 | D:6      | Reached skill level 9 in Conjurations
  6995 | D:6      | Reached XP level 9. HP: 49/67 MP: 1/19
  7496 | D:7      | Reached skill level 10 in Conjurations
  7578 | D:7      | Found a staircase to the Ecumenical Temple.
  7793 | D:7      | Found a sand-covered staircase.
  7824 | Ossuary  | Entered an ossuary
  7835 | Ossuary  | Learned a level 4 spell: Iskenderun's Mystic Blast
  8469 | D:7      | Found an ancient bone altar of Kikubaaqudgha.
  8735 | Temple   | Entered the Ecumenical Temple
  8746 | Temple   | Became a worshipper of Vehumet
  9284 | D:8      | Found a runed translucent gate.
  9284 | D:8      | Found a runed translucent gate.
  9286 | D:8      | Noticed sipior's ghost (novice HaFE)
  9287 | D:8      | Noticed Curus's ghost (novice MiBe)
  9287 | D:8      | Noticed Shaidar's ghost (novice GnFi)
  9288 | D:8      | Found a runed translucent gate.
  9288 | D:8      | Noticed mora's ghost (novice GrFi)
  9288 | D:8      | Noticed Arixos's ghost (novice OpAE)
  9662 | D:8      | Noticed a two-headed ogre
  9699 | D:9      | Reached XP level 10. HP: 74/74 MP: 13/23
  9791 | D:9      | Identified the +7 mace of Gozag's Brutal Revenge {crush,
                  | *Corrode Str+4 Int+3}
  9929 | D:9      | Noticed Harold
  9939 | D:10     | Entered Level 10 of the Dungeon
 10210 | D:10     | Reached * piety under Vehumet
 10210 | D:10     | Offered knowledge of Sandblast by Vehumet.
 10285 | D:10     | Identified the Catalogue of Battle Magic
 10291 | D:10     | Found a staircase to the Lair.
 10306 | Lair:1   | Entered Level 1 of the Lair of Beasts
 10306 | Lair:1   | Noticed a six-headed hydra
 10340 | Lair:2   | Learned a level 4 spell: Force Lance
 10714 | Lair:2   | Found a staircase to the Snake Pit.
 10729 | Lair:2   | Reached skill level 11 in Conjurations
 10978 | Lair:3   | Noticed a spiny frog
 11004 | Lair:3   | Killed a spiny frog
 11028 | Lair:3   | Noticed a black mamba
 11038 | Lair:3   | Killed a black mamba
 11038 | Lair:3   | Reached skill level 10 in Spellcasting
 11281 | Lair:4   | Found a staircase to the Swamp.
 11328 | Lair:5   | Noticed a black mamba
 11341 | Lair:5   | Killed a black mamba
 11341 | Lair:5   | Reached skill level 5 in Dodging
 11502 | Lair:5   | Reached skill level 1 in Translocations
 11558 | Lair:5   | Found a staircase to the Slime Pits.
 11600 | Lair:5   | Reached XP level 11. HP: 19/82 MP: 4/25
 11883 | Lair:6   | Entered Level 6 of the Lair of Beasts
 11883 | Lair:6   | Noticed a four-headed hydra
 12092 | Lair:4   | Found the +7 pair of quick blades "Gyre" and "Gimble"
                  | {protect}
 12215 | Lair:4   | Offered knowledge of Flame Tongue by Vehumet.
 12313 | Lair:3   | Noticed a four-headed hydra
 12362 | Lair:2   | Reached ** piety under Vehumet
 12645 | Snake:1  | Entered Level 1 of the Snake Pit
 12693 | Snake:1  | Identified 2 scrolls of acquirement
 12900 | Snake:2  | Reached skill level 12 in Conjurations
 12977 | Snake:2  | Noticed an anaconda
 12988 | Snake:2  | Killed an anaconda
 13362 | Snake:2  | Noticed a naga warrior
 13532 | Snake:2  | Noticed a naga sharpshooter
 13654 | Snake:2  | Noticed a nagaraja
 13683 | Snake:2  | Noticed Vashnia
 13683 | Snake:2  | Noticed a naga sharpshooter
 13683 | Snake:2  | Noticed a naga sharpshooter
 13683 | Snake:2  | Noticed a naga sharpshooter
 13683 | Snake:2  | Noticed a naga sharpshooter
 13834 | Snake:2  | Noticed a naga warrior
 13939 | Snake:2  | Noticed a naga sharpshooter
 13946 | Snake:3  | Noticed a naga warrior
 13947 | Snake:3  | Noticed a naga ritualist
 13948 | Snake:3  | Noticed a mana viper
 13948 | Snake:3  | Noticed an anaconda
 13948 | Snake:3  | Noticed a salamander mystic
 13952 | Snake:3  | Noticed a naga warrior
 13952 | Snake:3  | Noticed a salamander mystic
 14176 | Snake:3  | Noticed a naga sharpshooter
 14218 | Snake:3  | Killed a naga sharpshooter
 14486 | Snake:3  | Learned a level 5 spell: Lightning Bolt
 14504 | Snake:3  | Noticed a naga warrior
 14537 | Snake:3  | Killed a naga warrior
 14545 | Snake:3  | HP: 4/84 [naga mage/poison arrow (22)]
 14546 | Snake:3  | Succumbed to a naga mage's poison arrow

Levels and vault maps discovered:
D:1:      wander_arrival_lonely_grave, layout_loops_corners,
          wad_floor_pattern_untrapped
D:2:      layout_basic, cheibriados_altar_1, uniq_jessica
D:3:      layout_basic, uniq_robin
D:4:      layout_rooms, yredelemnul_forgotten_temple_becter,
          chequers_temple_overflow_statue_of_worship, gup_sewer_entry_pipe,
          gammafunk_ghost_necromancy
D:5:      layout_loops_cross, lemuel_round_altar, first_ration
D:6:      layout_basic, fedhas_ov_isle_minmay
D:7:      layout_loops_ring, overflow_temple_1_default, temple_pool_b,
          lightli_ossuary_entry_decrepit_ruins, minmay_misc_feat_four_crosses,
          grunt_livestock, minmay_quadrilaterals
D:8:      layout_layer_cave, gammafunk_ghost_cemetery
D:9:      layout_basic, orc_0_dummy, serial_shops, nicolae_shop_waterfront,
          uniq_harold
D:10:     layout_grid_maze, lair_entry_dummy
Temple:   eino_temple_scatter_basement
Lair:1:   dragon1_lemuel, layout_gridlike, serial_bayou_shore_a
Lair:2:   layout_big_grid, dummy_snake_entry, minmay_lair_oklob_chamber
Lair:3:   cheibrodos_lair_river_kwai, layout_cave_pods
Lair:4:   layout_regular_city, minmay_swamp_entry_worms, basic_altar,
          serial_bayou_pond_b, chequers_serial_rivers_small_3
Lair:5:   layout_regular_city, minmay_slime_entry_pillars, serial_bayou_pond_a
Lair:6:   gammafunk_lair_ancient_temple, layout_cave_pods,
          eino_small_chamber_without_monster, lemuel_fruit_tree,
          infiniplex_staircase_pool
Snake:1:  layout_rooms
Snake:2:  layout_chambers, special_room, minmay_shop_mayhem, grunt_megastairs_3,
          minmay_shop_grove, uniq_vashnia
Snake:3:  layout_misc_corridors, grunt_megastairs_4

Skill      XL: |  1  2  3  4  5  6  7  8  9 10 11 |
---------------+----------------------------------+-----
Dodging        | 2 3 5 6 |  6.5
Conjurations   | 5 6 7 8 9 10 11 12 | 12.6
Stealth        | 2 3 |  3.7
Spellcasting   | 3 4 5 7 9 10 11 | 11.2
Fighting       | 1 2 3 4 |  4.0
Translocations | 1 |  1.5
Shields        | |  0.9
Air Magic      | |  0.2
Evocations     | |  0.9

Action                   |  1- 3 |  4- 6 |  7- 9 | 10-12 || total
-------------------------+-------+-------+-------+-------++-------
Melee: Short sword       |    27 |    73 |    25 |       ||   125
       Tailslap          |     2 |     6 |     9 |     4 ||    21
       Dagger            |       |       |    36 |       ||    36
       Scimitar          |       |       |     6 |    12 ||    18
       Mace              |       |       |       |    21 ||    21
       Pair of quick bla |       |       |       |     6 ||     6
 Cast: Magic Dart        |    42 |   143 |   351 |   168 ||   704
       Searing Ray       |       |     4 |    23 |    27 ||    54
       Iskenderun's Myst |       |       |     5 |    20 ||    25
       Force Lance       |       |       |       |    75 ||    75
       Lightning Bolt    |       |       |       |     3 ||     3
 Abil: Breathe Fire      |       |       |    14 |     1 ||    15
       Blink             |       |       |     3 |     1 ||     4
Evoke: Wand              |       |       |       |    13 ||    13
  Use: Potion            |       |     8 |       |    13 ||    21
       Scroll            |       |       |    17 |     5 ||    22
  Eat: Chunk             |     1 |    10 |    17 |     8 ||    36
       Ration            |       |       |     1 |     2 ||     3
Armor: Skin              |    18 |    17 |    51 |    62 ||   148
Dodge: Dodged            |    14 |    60 |    93 |   149 ||   316
Block: Buckler           |       |       |       |    14 ||    14
       Rpst.: Scimitar   |       |       |     5 |     3 ||     8
